 Dungeon Crawl Stone Soup version 0.17.1-3-g152610e (webtiles) character file.

17211 Shtopit the Peltast (level 12, -7/66 HPs)
             Began as a Gargoyle Fighter on May 3, 2016.
             Was the Champion of Qazlal.
             Killed by divine providence
             ... invoked by an orc priest
              (12 damage)
             ... on level 4 of the Orcish Mines.
             The game lasted 00:59:42 (16285 turns).

Shtopit the Peltast (Gargoyle Fighter)             Turns: 16285, Time: 00:59:46

Health: -7/66      AC: 32    Str: 26    XL:     12   Next: 45%
Magic:  12/12      EV:  9    Int: 10    God:    Qazlal [******]
Gold:   1282       SH: 22    Dex:  7    Spells: 0 memorised, 11 levels left

rFire  . . .     SeeInvis .     N - +2 flail (protect)
rCold  . . .     Clarity  .     D - +0 plate armour
rNeg   + . .     SustAt   .     c - +0 shield
rPois  ∞         Gourm    +     (no helmet)
rElec  +         Spirit   .     Z - +0 cloak
rCorr  .         Warding  .     z - +0 pair of gloves
rMut   .         Stasis   .     y - +1 pair of boots of Twilight {rElec Str+2}
MR     .....                    P - amulet of the gourmand
Stlth  ..........               R - +1 ring of evasion
                                m - ring of invisibility

@: repel missiles, not resistant to hostile enchantments, extremely unstealthy
A: clumsy 1, frail 1, negative energy resistance 1, electricity resistance,
unbreathing, petrification resistance, rot immunity, MP-powered wands, AC +8
a: Upheaval, Elemental Force, Disaster Area, Renounce Religion, Evoke
Invisibility


You were on level 4 of the Orcish Mines.
You worshipped Qazlal.
Qazlal was exalted by your worship.
You were not hungry.

You visited 3 branches of the dungeon, and saw 15 of its levels.
You also visited: Bailey.

You collected 1642 gold pieces.
You spent 360 gold pieces at shops.

Inventory:

Hand Weapons
 f - a +0 blowgun
 s - a +0 hunting sling
 x - a +4 mace of protection
 N - a +2 flail of protection (weapon)
 X - a +2 whip of freezing
Missiles
 a - 46 tomahawks of returning (quivered)
 r - 99 poisoned needles
 w - 11 poisoned sling bullets
 C - 12 curare-tipped needles
 O - 33 sling bullets
Armour
 c - a +0 shield (worn)
 u - a +2 buckler
 y - the +1 pair of boots of Twilight (worn) {rElec Str+2}
   (You bought it in a shop on level 2 of the Orcish Mines)

   It affects your strength (+2).
   It insulates you from electricity.
 z - a +0 pair of gloves (worn)
 D - a +0 plate armour (worn)
 Z - a +0 cloak (worn)
Jewellery
 m - a ring of invisibility (left hand)
 q - an uncursed ring of flight
 P - an amulet of the gourmand (around neck)
 R - a +1 ring of evasion (right hand)
 S - an uncursed ring of ice
Wands
 p - a wand of fire (8)
 B - a wand of random effects (30)
 E - a wand of paralysis (11)
 G - a wand of magic darts (25)
 H - a wand of random effects (29)
 Q - a wand of polymorph (22)
 U - a wand of paralysis (16)
 W - a wand of flame (31)
Scrolls
 d - a scroll of acquirement {unknown}
 k - 3 scrolls of enchant armour
 t - 6 scrolls of teleportation
 F - 2 scrolls of amnesia
 I - 2 scrolls of fear
 L - 3 scrolls of remove curse
 M - 3 scrolls of recharging
 V - a scroll of enchant weapon
Potions
 b - a potion of beneficial mutation {unknown}
 g - 2 potions of heal wounds
 i - 4 potions of curing
 n - a potion of agility
 A - a potion of lignification
 K - a potion of resistance
 T - a potion of flight
 Y - a potion of magic
Miscellaneous
 j - a plain deck of destruction
Comestibles
 e - 5 bread rations
 h - 4 fruits
 l - 9 beef jerkies
 o - 3 meat rations
 v - a slice of pizza
 J - 2 royal jellies


   Skills:
 + Level 8.2 Fighting
 + Level 8.5 Maces & Flails
 + Level 1.1(1.2) Slings
 + Level 0.5(1.0) Throwing
 + Level 7.4 Armour
 + Level 4.2 Dodging
 + Level 1.2 Stealth
 + Level 15.6 Shields
 * Level 0.2 Invocations


You had 11 spell levels left.
You didn't know any spells.

Dungeon Overview and Level Annotations

Branches:
Dungeon (10/15)            Temple (1/1) D:7            Lair (0/8) D:10
    Orc (4/4) D:10
    Elf: Orc:3-4

Altars:
Ashenzari
Cheibriados
Dithmenos
Elyvilon
Fedhas
Gozag
Nemelex Xobeh
Okawaru
Qazlal
Ru
Trog
Vehumet
Xom
Zin
The Shining One

Shops:
Orc:2 [   Orc:3 [


Innate Abilities, Weirdness & Mutations

You are resistant to torment.
Your stone body is resilient (AC +8).
You are immune to poison.
You resist negative energy.
You are resistant to electric shocks.
You can survive without breathing.
You are immune to petrification.
You are immune to rotting.
You are clumsy. (Dex -2)
You are frail (-10% HP).
You expend magic power (3 MP) to strengthen your wands.


Message History

The orc priest hits you with a hand axe.
An orc priest comes into view. It is wielding a flail.
You hit the orc warrior but do no damage.
The orc warrior is almost dead.
The orc warrior is engulfed in freezing vapours.
You kill the orc warrior!
Qazlal accepts your kill. You block the orc priest's attack.
You closely miss the orc priest.
The orc priest invokes the aid of Beogh against you.
Pain shoots through your body!
* * * LOW HITPOINT WARNING * * *
You hit the orc priest.
The orc priest is lightly wounded.
The orc priest calls down the wrath of Beogh upon you.
Something smites you!
* * * LOW HITPOINT WARNING * * *
The orc priest mumbles some strange prayers to Beogh against you.
Something smites you!
You die...

#.. #... ..# #... .. ###
##.o## # ##.# ##....# #
##.### #.....### #....##
##...§..#
###....###.....§o## .
##.#.....##..#.§@§§## ...
........§#....§.§§).##....
....###§§#.....§#§)......#
.....##........###).......
....###.......## #.......#
....##.........# ........#
................#.........
#...................#.....
##.....#.####......#......


You could see 2 orc priests.

Vanquished Creatures
  An orc warlord (Bailey)
  An ettin (Orc:4)
  Josephine (Orc:3)
  Harold (Orc:3)
  The ghost of Shtopit the Basher, a novice GrBe of Trog (Bailey)
  An unseen horror (D:7)
  A hill giant (D:10)
  Pikel (D:9)
  Joseph (D:8)
  Grinder (D:4)
  A two-headed ogre (D:9)
  5 yaks (D:10)
  A wyvern (D:9)
  A deep elf fighter (D:10)
  Eustachio (D:6)
  3 wraiths (Orc:3)
  6 wargs
  Duvessa (D:7)
  A water moccasin (D:9)
  A black bear (D:10)
  20 orc warriors
  3 ice beasts
  3 phantoms
  3 sky beasts
  5 centaurs
  2 eyes of draining (D:10)
  6 ogres
  2 necrophages
  2 crocodiles
  3 giant frogs
  Blork the orc (D:6)
  2 big kobolds
  Dowan (D:7)
  A water moccasin zombie (D:5)
  2 scorpions
  6 killer bees (D:9)
  A water moccasin skeleton (D:10)
  2 wights (D:9)
  2 centaur zombies
  A hound (D:5)
  A quasit (D:10)
  5 crimson imps
  A giant frog zombie (D:5)
  22 orc wizards
  5 jellies
  8 iguanas
  22 orc priests
  Terence (D:3)
  4 centaur skeletons
  A killer bee zombie (D:6)
  3 worker ants
  3 hound skeletons
  A worker ant zombie (D:10)
  9 gnolls
  2 river rats (D:10)
  6 adders
  4 shadow imps
  An ooze (D:2)
  3 adder skeletons (D:8)
  2 adder zombies
  4 worms
  12 giant geckos
  208 orcs
  3 ball pythons (D:3)
  14 bats
  6 giant cockroaches
  11 goblins
  17 hobgoblins
  34 kobolds
  8 quokkas
  A giant gecko zombie (D:5)
  8 giant newts
  9 jackals
  A quokka skeleton (D:9)
  18 rats
  4 fungi (D:10)
  4 plants (D:10)
565 creatures vanquished.

Vanquished Creatures (others)
  A slave (D:9)
  A wight (D:9)
  2 orc wizards
  3 orcs
  8 fungi (D:10)
  3 plants (D:9)
18 creatures vanquished.

Grand Total: 583 creatures vanquished

Notes
Turn   | Place    | Note
--------------------------------------------------------------
     0 | D:1      | Shtopit the Gargoyle Fighter began the quest for the Orb.
     0 | D:1      | Reached XP level 1. HP: 14/14 MP: 1/1
   108 | D:1      | Reached XP level 2. HP: 9/19 MP: 2/2
   455 | D:1      | Reached XP level 3. HP: 23/23 MP: 3/3
  1322 | D:2      | Found a shattered altar of Ashenzari.
  1402 | D:2      | Reached skill level 1 in Dodging
  1453 | D:2      | Reached XP level 4. HP: 25/29 MP: 4/4
  1763 | D:2      | Found a sacrificial altar of Ru.
  1822 | D:2      | Reached skill level 4 in Shields
  2155 | D:3      | Noticed Terence
  2182 | D:3      | Killed Terence
  2539 | D:3      | Reached XP level 5. HP: 23/33 MP: 5/5
  3130 | D:4      | Reached skill level 5 in Shields
  3130 | D:4      | Reached XP level 6. HP: 38/38 MP: 6/6
  3168 | D:4      | Noticed Grinder
  3168 | D:4      | Noticed an ogre
  3176 | D:4      | Paralysed by Grinder for 3 turns
  3182 | D:5      | Entered Level 5 of the Dungeon
  3188 | D:5      | Killed an ogre
  3435 | D:4      | Paralysed by Grinder for 6 turns
  3453 | D:4      | Killed Grinder
  3453 | D:4      | Reached XP level 7. HP: 14/44 MP: 7/7
  3693 | D:4      | Noticed an ogre
  3703 | D:4      | Killed an ogre
  3703 | D:4      | Reached skill level 6 in Shields
  3777 | D:4      | Found a sparkling altar of Nemelex Xobeh.
  4730 | D:4      | Reached skill level 5 in Fighting
  4730 | D:4      | Reached XP level 8. HP: 18/49 MP: 8/8
  4743 | D:4      | Reached skill level 5 in Armour
  4743 | D:4      | Reached skill level 7 in Shields
  5153 | D:5      | Found a blossoming altar of Fedhas.
  5512 | D:5      | Reached skill level 8 in Shields
  5956 | D:6      | Noticed Blork the orc
  5964 | D:6      | Killed Blork the orc
  6072 | D:6      | Reached skill level 5 in Maces & Flails
  6087 | D:6      | Found a radiant altar of Vehumet.
  6110 | D:6      | Reached XP level 9. HP: 38/54 MP: 9/9
  6269 | D:6      | Reached skill level 9 in Shields
  6321 | D:6      | Found a glowing golden altar of the Shining One.
  6323 | D:6      | Noticed Eustachio
  6346 | D:6      | Killed Eustachio
  6471 | D:6      | Found an opulent altar of Gozag.
  6589 | D:6      | Found a glowing silver altar of Zin.
  7018 | D:7      | Killed an unseen horror
  7018 | D:7      | Reached skill level 10 in Shields
  7330 | D:7      | Noticed Duvessa
  7332 | D:7      | Noticed Dowan
  7355 | D:7      | Killed Duvessa
  7368 | D:7      | Killed Dowan
  7454 | D:7      | Found a shimmering altar of Xom.
  7551 | D:7      | Found a staircase to the Ecumenical Temple.
  7945 | D:7      | Found a shadowy altar of Dithmenos.
  8231 | Temple   | Entered the Ecumenical Temple
  8240 | Temple   | Became a worshipper of Qazlal Stormbringer
  8326 | D:8      | Found a bloodstained altar of Trog.
  8327 | D:8      | Found an iron altar of Okawaru.
  8466 | D:8      | Reached XP level 10. HP: 60/60 MP: 10/10
  8606 | D:8      | Noticed Joseph
  8624 | D:8      | Killed Joseph
  8624 | D:8      | Reached skill level 1 in Stealth
  8624 | D:8      | Reached skill level 11 in Shields
  8650 | D:8      | Found a white marble altar of Elyvilon.
  9419 | D:9      | Reached * piety under Qazlal
  9421 | D:9      | Found an iron altar of Okawaru.
  9579 | D:9      | Found a shadowy altar of Dithmenos.
  9600 | D:9      | Noticed Pikel
  9622 | D:9      | Killed Pikel
 10151 | D:9      | Reached skill level 12 in Shields
 10233 | D:10     | Entered Level 10 of the Dungeon
 10306 | D:10     | Reached XP level 11. HP: 51/66 MP: 0/11
 10418 | D:10     | Noticed a hill giant
 10455 | D:10     | Killed a hill giant
 10455 | D:10     | Reached ** piety under Qazlal
 10805 | D:10     | Found a staircase to the Lair.
 10846 | D:10     | Reached skill level 13 in Shields
 11215 | D:10     | Gained mutation: You can spit weak poison. [potion of mutation]
 11215 | D:10     | Gained mutation: You expend magic power (3 MP) to strengthen your wands. [potion of mutation]
 11215 | D:10     | Gained mutation: You are clumsy. (Dex -2) [potion of mutation]
 11216 | D:10     | Gained mutation: You are frail (-10% HP). [potion of mutation]
 11216 | D:10     | Lost mutation: You can spit weak poison. [potion of mutation]
 11380 | D:10     | Reached *** piety under Qazlal
 11523 | D:10     | Found a staircase to the Orcish Mines.
 11829 | Orc:1    | Entered Level 1 of the Orcish Mines
 11837 | Orc:1    | Reached **** piety under Qazlal
 12524 | Orc:2    | Reached ***** piety under Qazlal
 13348 | Orc:4    | Entered Level 4 of the Orcish Mines
 13351 | Orc:3    | Found a flagged portal.
 13351 | Orc:3    | Found Ceheelikk's Antique Armour Emporium.
 13351 | Orc:3    | Noticed Harold
 13358 | Bailey   | Entered a bailey
 13367 | Bailey   | Noticed Shtopit's ghost (novice GrBe)
 13400 | Bailey   | Killed Shtopit's ghost
 13400 | Bailey   | Reached skill level 14 in Shields
 13617 | Bailey   | Noticed an orc warlord
 13662 | Bailey   | Found a runed gate.
 13663 | Bailey   | Found a runed gate.
 13682 | Bailey   | Found a runed gate.
 13806 | Bailey   | Killed an orc warlord
 13806 | Bailey   | Reached XP level 12. HP: 31/65 MP: 12/12
 14145 | Orc:3    | Killed Harold
 14145 | Orc:3    | Reached skill level 1 in Slings
 14164 | Orc:2    | Found Kitiac's Armour Shop.
 14407 | Orc:2    | Bought the +1 pair of boots of Twilight {rElec Str+2} for 360 gold pieces
 14559 | Orc:2    | Reached skill level 15 in Shields
 15188 | Orc:3    | Noticed Josephine
 15202 | Orc:3    | Killed Josephine
 15395 | Orc:4    | Reached ****** piety under Qazlal
 15763 | Orc:4    | Noticed an ettin
 16115 | Orc:4    | Killed an ettin
 16285 | Orc:4    | Killed from afar by an orc priest

Action                   |  1- 3 |  4- 6 |  7- 9 | 10-12 || total
-------------------------+-------+-------+-------+-------++-------
Melee: Flail             |   158 |    67 |       |   520 ||   745
       Mace              |       |   108 |   522 |   702 ||  1332
 Fire: Blowgun           |       |       |     4 |     2 ||     6
       Hunting sling     |       |       |       |    19 ||    19
Invok: Upheaval          |       |       |       |     1 ||     1
Evoke: Wand              |       |       |       |     3 ||     3
  Use: Scroll            |       |       |    10 |     6 ||    16
       Potion            |       |       |     8 |     8 ||    16
  Eat: Chunk             |     2 |     6 |    12 |    29 ||    49
       Fruit             |       |       |     2 |       ||     2
       Bread ration      |       |       |     1 |     1 ||     2
